 Dungeon Crawl Stone Soup version 0.28.0-53-g5a82cb258f (webtiles) character file.

Game seed: 18385947819078689937

87 jiml777 the Digger (level 4, -10/24 HPs)
             Began as a Gargoyle Earth Elementalist on June 10, 2022.
             Engulfed by a cloud of flame (18 damage)
             ... on level 3 of the Dungeon.
             The game lasted 00:09:16 (2122 turns).

jiml777 the Digger (Gargoyle Earth Elementalist)    Turns: 2122, Time: 00:09:17

Health: -10/24     AC:  7    Str: 11    XL:     4   Next: 51%
Magic:  8/8        EV: 12    Int: 18    God:
Gold:   112        SH:  0    Dex: 10    Spells: 8/9 levels left

rFire   . . .      SeeInvis .   a - +0 falchion
rCold   . . .      Faith    .   (no shield)
rNeg    + . .      Spirit   .   n - +2 robe {Archmagi}
rPois   ∞          Reflect  .   (no helmet)
rElec   +          Harm     .   (no cloak)
rCorr   .          Rampage  .   (no gloves)
Will    .....      Archmagi +   (no boots)
Stlth   ++........              (no amulet)
HPRegen 0.08/turn               l - ring of flight
MPRegen 0.11/turn               (no ring)

@: flying
A: sickness immunity, AC +3, negative energy resistance 1, electricity
resistance, torment resistance 1, petrification resistance
a: no special abilities


You were on level 3 of the Dungeon.
You visited 1 branch of the dungeon, and saw 3 of its levels.

You collected 112 gold pieces.

Inventory:

Hand Weapons
 a - a +0 falchion (weapon)
 f - a +0 dagger
Missiles
 b - 10 arrows
 c - 58 stones
Armour
 h - a +0 buckler
 n - a +2 robe of the Archmagi (worn)
Jewellery
 l - a ring of flight (left hand)
Scrolls
 d - a scroll of fog {unknown}
 e - 3 scrolls of teleportation {unknown}
 g - a scroll of torment {unknown}
 i - a scroll of magic mapping {unknown}
 j - a scroll of fear {unknown}
 m - a scroll of blinking {unknown}
Potions
 k - a potion of mutation {unknown}


   Skills:
 + Level 0.3 Fighting
 + Level 0.7 Long Blades
 + Level 2.0 Dodging
 + Level 2.3 Stealth
 + Level 3.1 Spellcasting
 + Level 0.7 Transmutations
 + Level 4.6 Earth Magic


You had 8 spell levels left.
You knew the following spells:

 Your Spells              Type           Power      Damage    Failure   Level
a - Sandblast             Erth           58%        2d13      2%          1

Your spell library contained the following spells:

 Spells                   Type           Power      Damage    Failure   Level
 Passwall                 Tmut/Erth      15%        N/A       9%          2
 Stone Arrow              Conj/Erth      32%        3d9       19%         3
 Gell's Gravitas          Tloc           4%         N/A       43%         3
 Teleport Other           Tloc           4%         N/A       43%         3
 Petrify                  Tmut/Erth      18%        N/A       47%         4
 Dispersal                Tloc           2%         N/A       100%        6


Dungeon Overview and Level Annotations

Branches:
Dungeon (3/15)

Altars:
Kikubaaqudgha

Shops:
D:1 (


Innate Abilities, Weirdness & Mutations

You are immune to sickness and miasma.
Your stone body is resilient. (AC +3)
You are immune to poison.
You resist negative energy. (rN+)
You are resistant to electric shocks. (rElec)
You are resistant to unholy torment.
You are immune to petrification.


Message History

The bat hits you but does no damage. The bat barely misses you.
The bat closely misses you. x2
You hit the bat.
You kill the bat!
A ball python comes into view.
Found a club.
Found a stone staircase leading down.
The ball python bites you but does no damage.
The ball python grabs you. The ball python constricts you.
You closely miss the ball python.
The ball python bites you but does no damage.
The ball python constricts you.
You slash the ball python!
You kill the ball python!
A rat comes into view.
You slash the rat!
You kill the rat!
Found a spear.
You see here a +0 spear.
A dart slug comes into view.
The dart slug bites you.
You hit the dart slug.
The dart slug is heavily wounded.
The dart slug launches a dart at you. The slug dart misses you.
You hit the dart slug.
The dart slug is almost dead.
The dart slug closely misses you.
You hit the dart slug but do no damage.
The dart slug is almost dead.
You hit the dart slug.
You kill the dart slug!
c - 58 stones (gained 16)
Found two stone staircases leading up.
Found 7 gold pieces.
Really fly into a travel-excluded area?
You are engulfed in blazing flames.
Ouch! That really hurt!
You are engulfed in blazing flames.
Ouch! That really hurt!
You die...

###### #.# .....# #.#
####.# #####.##
#.######.##.#.###.# ##
#.......#..#.#...<# .#
#######...###.##....#
.# ######...# ###<# .#
#§§.# .# #§@○# .#
#§.§# .# #####...#
.###### ##.§○○.$$$.
.##...###..☼§§.$.$.§
....#......§§§..$...§
###...#########...####
##.## #.§.# ####.#
#.☼§#


There were no monsters in sight!

Vanquished Creatures
  Jessica (D:2)
  An adder (D:2)
  A worm (D:2)
  A dart slug (D:3)
  3 endoplasms (D:1)
  5 giant cockroaches
  6 goblins
  6 hobgoblins
  4 kobolds (D:2)
  2 quokkas (D:2)
  6 ball pythons
  2 bats
  3 frilled lizards
  3 rats
44 creatures vanquished.

Vanquished Creatures (others)
  4 toadstools (D:1)
4 creatures vanquished.

Grand Total: 48 creatures vanquished

Notes
Turn   | Place    | Note
-------+----------+-------------------------------------------
     0 | D:1      | jiml777 the Gargoyle Earth Elementalist began the quest for
                  | the Orb.
     0 | D:1      | Reached XP level 1. HP: 10/10 MP: 3/3
     1 | D:1      | Found Karch's Weapon Shoppe.
   289 | D:1      | Reached XP level 2. HP: 15/15 MP: 1/5
   737 | D:2      | Reached skill level 4 in Earth Magic
   747 | D:2      | Reached XP level 3. HP: 19/19 MP: 1/6
   983 | D:2      | Found an ancient bone altar of Kikubaaqudgha.
  1117 | D:2      | Noticed Jessica
  1125 | D:2      | Killed Jessica
  1126 | D:2      | Reached XP level 4. HP: 11/24 MP: 0/8
  2122 | D:3      | Engulfed by a cloud of flame

Illustrated notes

Levels and vault maps discovered:
D:1:      ldierk_water_garden, layout_rooms, serial_shops, shop
D:2:      layout_rooms, basic_altar, uniq_jessica
D:3:      layout_loops_ring, ebering_ecumenical_altar_rust, lemuel_flame_loot_1

Skill      XL: |  1  2  3  4 |
---------------+-------------+-----
Earth Magic    | 4 |  4.6
Dodging        | 2 |  2.0
Spellcasting   | 3 |  3.1
Fighting       | |  0.3
Long Blades    | |  0.7
Stealth        | |  2.3
Transmutations | |  0.7

Action                   |  1- 3 |  4- 6 || total
-------------------------+-------+-------++-------
Melee: Unarmed           |     6 |       ||     6
       Falchion          |    15 |    59 ||    74
       Club              |     2 |       ||     2
       Punch             |       |     1 ||     1
 Cast: Sandblast         |    34 |     5 ||    39
 Stab: Sleeping          |       |     1 ||     1
Armor: Robe              |     7 |    28 ||    35
Dodge: Dodged            |    19 |    42 ||    61
